[ AOE2 MATCH · #506698515 ]
UnrankedMongols vs Dravidians
Player's team · WIN
Rival team · LOSS
[ REPLAY ANALYSIS · EXTRACTED FROM THE RECORDED GAME ]
Feudal
8:57
Castle
20:30
Imperial
—
| APM avg | 68.3 |
| APM peak | 107 |
| eAPM avg | 22.5 |
| Villagers / military | 66 / 69 |
Focus
⚔️ 25.3% · 🌾 74.7%
Steppe Lancer ×33 · Skirmisher ×17 · Scorpion ×9 · Militia ×6 · Scout Cavalry ×4
Feudal
10:14
Castle
—
Imperial
—
| APM avg | 80.9 |
| APM peak | 114 |
| eAPM avg | 33.7 |
| Villagers / military | 69 / 71 |
Focus
⚔️ 49.5% · 🌾 50.5%
Spearman ×23 · Archer ×21 · Skirmisher ×16 · Scout Cavalry ×6 · Militia ×5
Match map
Initial resources + every placement click. Lines = walls · curves = elevation contours. ◆ gold · ⬟ stone · ● berries · ✦ relic · ◌ wall gap
Your base· Open — opponent sealed themselves in
Jeffin's base· ✓ Closed at 12:00 · 13t walls · no gate
Smoothed initial terrain · ◌ = detected wall gap · hover for details
Inputs per minute
— Riut - - Jeffin
Build order — Riut
First 150 of 192 actions detected
| 0:00 | Create | Villager (Male) |
| 0:00 | Create | Villager (Male) |
| 0:01 | Create | Villager (Male) |
| 0:01 | Create | Villager (Male) |
| 0:02 | Build | House |
| 0:02 | Build | House |
| 1:30 | Create | Villager (Male) |
| 1:30 | Create | Villager (Male) |
| 1:30 | Create | Villager (Male) |
| 1:48 | Build | Lumber Camp |
| 1:56 | Create | Villager (Male) |
| 1:56 | Create | Villager (Male) |
| 1:57 | Create | Villager (Male) |
| 2:13 | Build | House |
| 2:30 | Create | Villager (Male) |
| 2:30 | Create | Villager (Male) |
| 2:30 | Create | Villager (Male) |
| 2:50 | Create | Villager (Male) |
| 2:50 | Create | Villager (Male) |
| 2:50 | Create | Villager (Male) |
| 2:50 | Create | Villager (Male) |
| 3:04 | Create | Villager (Male) |
| 3:04 | Create | Villager (Male) |
| 3:05 | Create | Villager (Male) |
| 3:38 | Create | Villager (Male) |
| 3:38 | Create | Villager (Male) |
| 3:39 | Create | Villager (Male) |
| 3:39 | Create | Villager (Male) |
| 4:42 | Create | Villager (Male) |
| 4:42 | Create | Villager (Male) |
| 4:43 | Create | Villager (Male) |
| 4:51 | Create | Villager (Male) |
| 4:51 | Research | Loom |
| 5:35 | Build | Barracks |
| 6:08 | Build | Mining Camp |
| 6:22 | Build | House |
| 6:35 | Create | Militia |
| 6:37 | Research | Feudal Age |
| 6:59 | Create | Militia |
| 6:59 | Create | Militia |
| 7:00 | Create | Militia |
| 7:18 | Create | Militia |
| 7:41 | Build | House |
| 7:44 | Create | Militia |
| 8:11 | Create | Villager (Male) |
| 8:41 | Build | Mill |
| 8:57 | Age | Feudal Age |
| 9:01 | Build | Archery Range |
| 9:07 | Research | Man-at-Arms (upgrade) |
| 9:08 | Create | Villager (Male) |
| 9:14 | Research | Double-Bit Axe |
| 9:35 | Create | Villager (Male) |
| 9:56 | Create | Skirmisher |
| 10:00 | Create | Villager (Male) |
| 10:27 | Create | Skirmisher |
| 10:41 | Create | Villager (Male) |
| 10:44 | Build | House |
| 10:45 | Build | House |
| 10:47 | Build | Blacksmith |
| 11:02 | Create | Villager (Male) |
| 11:08 | Create | Skirmisher |
| 11:39 | Create | Villager (Male) |
| 11:46 | Create | Skirmisher |
| 12:01 | Create | Villager (Male) |
| 12:05 | Build | Farm |
| 12:22 | Research | Fletching |
| 12:26 | Build | Farm |
| 12:29 | Create | Villager (Male) |
| 12:29 | Create | Villager (Male) |
| 12:29 | Create | Villager (Male) |
| 12:56 | Create | Skirmisher |
| 12:56 | Create | Villager (Male) |
| 13:00 | Build | Farm |
| 13:01 | Build | Farm |
| 13:18 | Create | Skirmisher |
| 13:20 | Create | Villager (Male) |
| 13:49 | Create | Villager (Male) |
| 13:50 | Create | Skirmisher |
| 14:08 | Create | Skirmisher |
| 14:08 | Create | Villager (Male) |
| 14:17 | Build | Farm |
| 14:18 | Build | Farm |
| 14:19 | Research | Horse Collar |
| 14:21 | Build | House |
| 14:22 | Build | House |
| 14:27 | Create | Villager (Male) |
| 14:31 | Build | Market |
| 14:45 | Create | Skirmisher |
| 15:04 | Create | Villager (Male) |
| 15:07 | Build | Farm |
| 15:09 | Build | Farm |
| 15:20 | Create | Villager (Male) |
| 15:22 | Build | Stable |
| 15:33 | Build | Farm |
| 15:42 | Create | Villager (Male) |
| 16:07 | Create | Scout Cavalry |
| 16:07 | Create | Scout Cavalry |
| 16:10 | Build | Farm |
| 16:14 | Create | Skirmisher |
| 16:15 | Create | Villager (Male) |
| 16:23 | Build | Farm |
| 16:48 | Create | Villager (Male) |
| 17:09 | Create | Villager (Male) |
| 17:28 | Build | Farm |
| 17:29 | Build | Farm |
| 17:29 | Build | Farm |
| 17:29 | Build | Farm |
| 17:29 | Build | Farm |
| 17:33 | Build | Farm |
| 17:50 | Research | Castle Age |
| 17:58 | Create | Skirmisher |
| 18:17 | Create | Skirmisher |
| 18:27 | Create | Scout Cavalry |
| 18:48 | Build | Stable |
| 18:57 | Create | Skirmisher |
| 19:00 | Research | Scale Barding Armor |
| 19:00 | Research | Scale Barding Armor |
| 19:30 | Create | Skirmisher |
| 19:32 | Create | Scout Cavalry |
| 20:30 | Age | Castle Age |
| 20:31 | Create | Steppe Lancer |
| 20:31 | Create | Steppe Lancer |
| 20:37 | Build | Siege Workshop |
| 20:49 | Research | Bloodlines |
| 21:01 | Create | Scorpion |
| 21:12 | Create | Steppe Lancer |
| 21:12 | Create | Steppe Lancer |
| 21:12 | Create | Steppe Lancer |
| 21:13 | Create | Villager (Male) |
| 21:13 | Create | Villager (Male) |
| 21:13 | Create | Villager (Male) |
| 21:28 | Create | Scorpion |
| 21:42 | Create | Steppe Lancer |
| 21:43 | Create | Steppe Lancer |
| 21:46 | Create | Villager (Male) |
| 21:46 | Create | Villager (Male) |
| 21:46 | Create | Villager (Male) |
| 21:48 | Build | Farm |
| 22:05 | Create | Steppe Lancer |
| 22:05 | Create | Steppe Lancer |
| 22:05 | Create | Steppe Lancer |
| 22:05 | Create | Steppe Lancer |
| 22:12 | Create | Scorpion |
| 22:12 | Create | Scorpion |
| 22:24 | Create | Steppe Lancer |
| 22:24 | Create | Steppe Lancer |
| 22:25 | Create | Steppe Lancer |
| 22:58 | Create | Steppe Lancer |
| 22:58 | Create | Steppe Lancer |
| 22:58 | Create | Steppe Lancer |
Build order — Jeffin
First 150 of 220 actions detected
| 0:01 | Create | Villager (Male) ×4 |
| 0:01 | Create | Villager (Male) ×4 |
| 0:02 | Build | House |
| 0:03 | Build | House |
| 1:23 | Create | Villager (Male) |
| 1:24 | Create | Villager (Male) |
| 1:24 | Create | Villager (Male) |
| 1:51 | Create | Villager (Male) |
| 1:51 | Create | Villager (Male) |
| 1:52 | Build | Lumber Camp |
| 2:24 | Create | Villager (Male) |
| 2:24 | Create | Villager (Male) |
| 2:41 | Create | Villager (Male) |
| 3:12 | Create | Villager (Male) |
| 3:12 | Create | Villager (Male) |
| 3:41 | Create | Villager (Male) |
| 4:00 | Build | House |
| 4:05 | Create | Villager (Male) |
| 4:05 | Create | Villager (Male) |
| 4:20 | Create | Villager (Male) |
| 4:20 | Create | Villager (Male) |
| 4:30 | Build | Barracks |
| 4:40 | Create | Villager (Male) |
| 5:01 | Build | House |
| 5:10 | Create | Villager (Male) |
| 5:27 | Create | Militia |
| 5:27 | Create | Militia |
| 5:27 | Create | Militia |
| 5:50 | Create | Militia |
| 5:51 | Create | Militia |
| 5:56 | Create | Villager (Male) |
| 6:01 | Build | House |
| 6:03 | Create | Villager (Male) |
| 6:06 | Build | House |
| 6:37 | Create | Villager (Male) |
| 6:38 | Create | Villager (Male) |
| 6:41 | Build | Mill |
| 7:35 | Research | Loom |
| 8:04 | Research | Feudal Age |
| 9:36 | Build | House |
| 9:42 | Build | Palisade Wall |
| 9:44 | Build | Palisade Wall |
| 9:45 | Build | Palisade Wall |
| 9:53 | Create | Villager (Male) |
| 9:59 | Build | Palisade Wall |
| 10:00 | Build | Palisade Wall |
| 10:02 | Build | Palisade Wall |
| 10:03 | Build | Palisade Wall |
| 10:14 | Age | Feudal Age |
| 10:22 | Build | Mining Camp |
| 10:24 | Build | Palisade Wall |
| 10:26 | Build | Palisade Wall |
| 10:29 | Build | Palisade Wall |
| 10:30 | Build | Palisade Wall |
| 10:45 | Build | Palisade Wall |
| 10:56 | Build | Palisade Wall |
| 11:18 | Create | Villager (Male) |
| 11:18 | Create | Villager (Male) |
| 11:18 | Create | Villager (Male) |
| 11:25 | Research | Double-Bit Axe |
| 11:43 | Build | Archery Range |
| 11:57 | Create | Spearman |
| 11:57 | Create | Spearman |
| 12:16 | Build | Farm |
| 12:17 | Build | Farm |
| 12:33 | Create | Villager (Male) |
| 12:34 | Create | Skirmisher |
| 12:34 | Create | Skirmisher |
| 12:41 | Create | Skirmisher |
| 12:41 | Create | Skirmisher |
| 12:52 | Create | Skirmisher |
| 12:56 | Build | Archery Range |
| 13:09 | Create | Villager (Male) |
| 13:09 | Create | Villager (Male) |
| 13:09 | Create | Villager (Male) |
| 13:09 | Create | Villager (Male) |
| 13:09 | Create | Villager (Male) |
| 13:09 | Create | Villager (Male) |
| 13:26 | Build | Blacksmith |
| 13:43 | Create | Skirmisher |
| 13:52 | Research | Horse Collar |
| 13:53 | Create | Villager (Male) |
| 13:54 | Build | Farm |
| 13:54 | Build | Farm |
| 13:55 | Build | Farm |
| 13:55 | Build | Farm |
| 13:59 | Build | House |
| 14:02 | Create | Skirmisher |
| 14:18 | Research | Fletching |
| 14:19 | Research | Fletching |
| 14:19 | Create | Skirmisher |
| 14:33 | Build | Farm |
| 14:46 | Create | Villager (Male) |
| 15:02 | Create | Villager (Male) |
| 15:08 | Build | Farm |
| 15:10 | Build | Farm |
| 15:12 | Create | Spearman |
| 15:12 | Create | Spearman |
| 15:18 | Build | Farm |
| 15:26 | Build | House |
| 15:30 | Create | Spearman |
| 15:34 | Create | Skirmisher |
| 15:34 | Create | Skirmisher |
| 15:42 | Build | House |
| 15:53 | Create | Skirmisher |
| 16:05 | Research | Padded Archer Armor |
| 16:09 | Build | House |
| 16:09 | Build | House |
| 16:13 | Create | Skirmisher |
| 16:13 | Create | Skirmisher |
| 16:17 | Create | Villager (Male) |
| 16:17 | Create | Villager (Male) |
| 16:24 | Build | Farm |
| 16:28 | Create | Spearman |
| 16:48 | Create | Skirmisher |
| 16:51 | Create | Villager (Male) |
| 17:15 | Create | Skirmisher |
| 17:16 | Create | Villager (Male) |
| 17:17 | Create | Skirmisher |
| 17:22 | Build | House |
| 17:30 | Build | Farm |
| 17:32 | Build | Farm |
| 17:35 | Build | Farm |
| 17:37 | Build | Farm |
| 17:40 | Create | Villager (Male) |
| 17:41 | Create | Villager (Male) |
| 17:49 | Create | Archer |
| 17:49 | Create | Archer |
| 17:57 | Build | House |
| 18:15 | Create | Archer |
| 18:29 | Create | Villager (Male) |
| 18:38 | Create | Archer |
| 18:40 | Create | Spearman |
| 18:44 | Research | Scale Mail Armor |
| 18:45 | Create | Villager (Male) |
| 18:53 | Create | Villager (Male) |
| 18:58 | Build | Mining Camp |
| 19:00 | Create | Spearman |
| 19:01 | Create | Archer |
| 19:02 | Create | Villager (Male) |
| 19:10 | Create | Archer |
| 19:24 | Create | Archer |
| 19:38 | Create | Archer |
| 19:41 | Create | Archer |
| 19:42 | Create | Villager (Male) |
| 19:51 | Create | Spearman |
| 19:53 | Create | Archer |
| 19:54 | Create | Villager (Male) |
| 19:58 | Build | House |
| 19:59 | Build | House |
Match timeline
| 4:30 | Jeffin · first_building Barracks |
| 5:35 | Riut · first_building Barracks |
| 8:57 | Riut · age_up feudal |
| 9:01 | Riut · first_building Archery Range |
| 9:42 | Jeffin · wall_segment Palisade Wall x1 |
| 9:44 | Jeffin · wall_segment Palisade Wall x1 |
| 9:45 | Jeffin · wall_segment Palisade Wall x1 |
| 9:59 | Jeffin · wall_segment Palisade Wall x1 |
| 10:00 | Jeffin · wall_segment Palisade Wall x1 |
| 10:02 | Jeffin · wall_segment Palisade Wall x1 |
| 10:03 | Jeffin · wall_segment Palisade Wall x1 |
| 10:14 | Jeffin · age_up feudal |
| 10:24 | Jeffin · wall_segment Palisade Wall x1 |
| 10:26 | Jeffin · wall_segment Palisade Wall x1 |
| 10:29 | Jeffin · wall_segment Palisade Wall x1 |
| 10:30 | Jeffin · wall_segment Palisade Wall x1 |
| 10:45 | Jeffin · wall_segment Palisade Wall x1 |
| 10:56 | Jeffin · wall_segment Palisade Wall x1 |
| 11:43 | Jeffin · first_building Archery Range |
| 15:22 | Riut · first_building Stable |
| 17:42 | Riut · first_market_sell 100 stone |
| 17:43 | Riut · first_market_buy 100 food |
| 20:30 | Riut · age_up castle |
| 20:37 | Riut · first_building Siege Workshop |
| 23:40 | Jeffin · first_building Stable |
| 26:02 | Jeffin · resign |
[ AI ANALYSIS · 1 CREDIT ]
What really happened in this match?
Wolo.gg analyzes every decision: build order, eco, micro, common mistakes by bracket. Personalized analysis on WhatsApp or Discord in 30 seconds.
Civ guide
Mongols
Perfil
Jugador #1045839